AoeStats
← rafunga

Arena

508931639Analyzed
4v4 RM · 7d ago on Sep 24, 2026· 40m 57s· 8 players
Game mode
Random Map
Map size
Large (8 player)
Population
200
Speed
Normal
Resources
Standard
Victory
Conquest
Starting age
Dark Age
Ending age
Imperial Age
RankedLock teamsTeams togetherTeam positionsShared explorationLock speedFull tech treeHidden civsTurbo modeCheats
Victory
Defeat
🇨🇳 Franks · China
1490
+16
🇮🇳 Danes · India
1481
+16
🇨🇳 Mongols · China
1434
+18
🇨🇴 Cumans · Colombia
1417
+18
🇦🇹 Italians · Austria
1503
-18
🇦🇹 Cumans · Austria
1503
-18
🇵🇹 Bohemians · Portugal
1498
-18
🇦🇹 Turks · Austria
1414
-14
牛比无极限
9:05 Feudal Age
13:12 Castle Age
12:00 Double-Bit Axe
12:30 Horse Collar
15:37 Loom
19:59 Bow Saw
20:59 Heavy Plow
22:17 Wheelbarrow
22:24 Fletching
23:35 Bodkin Arrow
24:29 Elite Skirmisher
25:24 Gold Mining
27:43 Ballistics
28:49 Nomads
31:00 Padded Archer Armor
39:03 Hand Cart
38:34 Town Watch
43:27 Imperial Age
Volrath
8:50 Feudal Age
9:19 Double-Bit Axe
9:17 Horse Collar
15:12 Wheelbarrow
15:12 Loom
19:35 Castle Age
17:33 Town Watch
18:15 Gold Mining
20:26 Bow Saw
20:52 Gold Shaft Mining
20:35 Hand Cart
20:23 Heavy Plow
21:54 Stone Mining
23:00 Bloodlines
27:22 Fletching
35:19 Imperial Age
32:30 Capped Ram
33:51 Forging
33:50 Bodkin Arrow
34:15 Padded Archer Armor
35:00 Scale Barding Armor
36:03 Ballistics
36:12 Guilds
37:03 Chemistry
37:05 Two-Man Saw
36:57 Thumb Ring
36:24 Cavalier
37:44 Parthian Tactics
38:00 Crop Rotation
38:33 Masonry
38:27 Steppe Husbandry
38:56 Conscription
39:07 Heavy Cavalry Archer
40:31 Siege Ram
40:51 Paladin
vidsag
10:39 Feudal Age
14:44 Castle Age
13:48 Double-Bit Axe
13:44 Horse Collar
16:15 Bow Saw
17:21 Wheelbarrow
17:09 Loom
19:36 Town Watch
20:36 Hand Cart
20:54 Fletching
21:49 Elite Skirmisher
22:26 Bodkin Arrow
23:29 Padded Archer Armor
24:41 Leather Archer Armor
25:57 Heavy Plow
26:18 Ballistics
25:58 Gold Mining
26:00 Stone Mining
27:19 Thumb Ring
32:58 Imperial Age
31:24 Squires
31:11 Arson
31:12 Gambesons
31:45 Hamask
32:27 Scale Mail Armor
33:44 Bracer
34:47 Chemistry
33:12 Elite Varangian Guard
34:14 Conscription
35:12 Chain Mail Armor
36:45 Plate Mail Armor
36:27 Forging
36:48 Ring Archer Armor
36:48 Capped Ram
37:44 Siege Ram
柠檬头的喜悦
10:04 Feudal Age
13:39 Castle Age
11:48 Double-Bit Axe
21:18 Bow Saw
22:30 Wheelbarrow
27:26 Imperial Age
25:14 Hand Cart
24:51 Gold Mining
25:13 Scale Barding Armor
25:35 Forging
26:47 Gold Shaft Mining
26:53 Chain Barding Armor
26:29 Loom
27:29 Iron Casting
28:00 Husbandry
27:30 Cavalier
28:32 Conscription
29:33 Plate Barding Armor
29:10 Paladin
31:55 Blast Furnace
31:23 Town Watch
35:24 Coinage
37:13 Banking
38:08 Chivalry
38:21 Town Patrol
Spincrossover
8:28 Feudal Age
9:09 Double-Bit Axe
9:59 Horse Collar
14:31 Wheelbarrow
20:00 Castle Age
19:15 Scale Barding Armor
19:08 Gold Mining
20:09 Bloodlines
20:01 Capped Ram
21:05 Chain Barding Armor
21:48 Bow Saw
25:02 Heavy Plow
27:38 Gold Shaft Mining
27:21 Stone Mining
29:33 Loom
33:00 Imperial Age
31:54 Hand Cart
31:24 Town Watch
31:51 Forging
34:30 Plate Barding Armor
33:17 Cavalier
35:11 Paladin
39:20 Iron Casting
38:53 Town Patrol
39:59 Conscription
Tami
12:22 Feudal Age
16:45 Castle Age
15:44 Double-Bit Axe
15:42 Horse Collar
21:10 Imperial Age
19:36 Bow Saw
26:24 Ballistics
28:27 Padded Archer Armor
36:04 Forging
36:00 Scale Barding Armor
36:10 Bloodlines
36:00 Husbandry
36:45 Heavy Plow
38:40 Iron Casting
40:28 Blast Furnace
40:31 Chain Barding Armor
rafunga
9:54 Feudal Age
14:11 Castle Age
12:40 Double-Bit Axe
14:11 Horse Collar
15:35 Bow Saw
19:26 Fervor
26:03 Wheelbarrow
27:13 Loom
28:01 Scale Mail Armor
28:11 Forging
28:27 Pikeman
29:08 Squires
29:19 Heavy Plow
30:12 Chain Mail Armor
31:22 Chemistry
30:36 Fletching
31:41 Town Watch
34:19 Iron Casting
Exarion
10:26 Feudal Age
14:11 Castle Age
12:27 Double-Bit Axe
12:51 Horse Collar
14:37 Loom
15:08 Bow Saw
16:03 Heavy Plow
22:31 Fletching
23:11 Bodkin Arrow
24:36 Wheelbarrow
26:02 Ballistics
27:13 Padded Archer Armor
28:49 Leather Archer Armor
29:53 Thumb Ring
32:28 Imperial Age
31:04 Elite Skirmisher
34:15 Chemistry
33:16 Bracer
34:39 Conscription
35:12 Ring Archer Armor
39:17 Masonry
Connection lost

Rejoining the realm…

Still unreachable

The connection could not be restored.

Session expired

The server has moved on; the page needs a fresh start.